 Dungeon Crawl Stone Soup version 0.25.1-2-g60ff931df9 (webtiles) character file.

Game seed: 5681872353910495259

57 Erymatos the Chopper (level 3, -4/33 HPs)
             Began as a Minotaur Berserker on Oct 31, 2020.
             Was a Believer of Trog.
             Killed by divine providence
             ... invoked by an orc priest
              (17 damage)
             ... on level 2 of the Dungeon.
             The game lasted 00:02:17 (1527 turns).

Erymatos the Chopper (Minotaur Berserker)           Turns: 1527, Time: 00:02:17

Health: -4/33      AC:  2    Str: 22    XL:     3   Next: 73%
Magic:  2/2        EV: 11    Int:  4    God:    Trog [**....]
Gold:   78         SH:  2    Dex:  9    Spells: 2/2 levels left

rFire    . . .     SeeInvis .   a - +0 hand axe
rCold    . . .     Gourm    .   i - +0 buckler
rNeg     . . .     Faith    .   b - +0 animal skin
rPois    .         Spirit   .   (helmet restricted)
rElec    .         Reflect  .   (no cloak)
rCorr    .         Harm     .   (no gloves)
MR       .....                  (no boots)
Stlth    +.........             (no amulet)
HPRegen  0.11/turn              (no ring)
MPRegen  0.08/turn              (no ring)

@: no status effects
A: retaliatory headbutt, horns 2
a: Berserk, Trog's Hand, Renounce Religion


You were on level 2 of the Dungeon.
You worshipped Trog.
Trog was pleased with you.
You were not hungry.

You visited 1 branch of the dungeon, and saw 2 of its levels.

You collected 78 gold pieces.

Inventory:

Hand Weapons
 a - a +0 hand axe (weapon)
Armour
 b - a +0 animal skin (worn)
 i - a +0 buckler (worn)
Jewellery
 n - an uncursed ring of protection from magic {unknown}
 p - a +4 ring of evasion {unknown}
Scrolls
 f - a scroll of immolation {unknown}
 h - a scroll of enchant armour {unknown}
 j - a scroll of magic mapping {unknown}
 k - 3 scrolls of identify {unknown}
 l - 2 scrolls of fog {unknown}
 m - a scroll of enchant weapon {unknown}
Potions
 d - a potion of flight {unknown}
 e - a potion of berserk rage {unknown}
 g - a potion of degeneration {unknown}
 o - a potion of lignification {unknown}
Comestibles
 c - 5 rations
 q - 2 chunks of flesh


   Skills:
 + Level 4.3 Fighting
 + Level 4.9 Axes
 + Level 2.6 Armour
 + Level 2.6 Dodging


You had 2 spell levels left.
You didn't know any spells.
Your spell library was empty.

Dungeon Overview and Level Annotations

Branches:
Dungeon (2/15)

Altars:
Uskayaw


Innate Abilities, Weirdness & Mutations

You reflexively headbutt those who attack you in melee.
You have a pair of horns on your head.


Message History

The orc priest is heavily wounded.
The orc priest splashes around in the water.
Your unstable footing causes you to fumble your attack.
Unknown command.
You closely miss the orc priest.
The orc priest is heavily wounded.
You hit the orc. The orc closely misses you.
You barely miss the orc.
The orc is severely wounded.
You completely miss the orc priest.
The orc priest hits you with a +0 hand axe!
The orc misses you. The orc barely misses you.
Unknown command.
You are too injured to fight recklessly!
You are too injured to fight recklessly!
Unknown command.
The orc priest mumbles some strange prayers to Beogh against you.
Beogh smites you!
Ouch! That really hurt!
You die...

..≈≈≈≈≈≈P..#
#.P.≈≈≈≈≈...#
#.≈P≈≈≈≈≈...#
...≈≈≈≈≈....#
...P≈≈≈≈...##
.≈≈≈≈≈≈P≈..#
.≈≈≈≈P≈≈...#
≈.≈≈≈≈.....#
P≈≈≈≈≈o≈@..#
≈P≈≈≈.oo...#
≈≈≈≈≈o....##
≈≈≈Pg....##
≈≈..≈...##
≈≈......#
≈≈.....##
.....##


You could see an orc priest, 3 orcs and a goblin.

Vanquished Creatures
  An ooze (D:1)
  3 dart slugs
  A leopard gecko (D:2)
  A ball python (D:2)
  2 giant cockroaches
  9 hobgoblins
  4 jackals (D:2)
  5 kobolds
  4 bats
  3 frilled lizards
  5 goblins
  5 rats (D:1)
43 creatures vanquished.

Notes
Turn   | Place    | Note
-------+----------+-------------------------------------------
     0 | D:1      | Erymatos the Minotaur Berserker began the quest for the
                  | Orb.
     0 | D:1      | Reached XP level 1. HP: 19/19 MP: 0/0
   202 | D:1      | Reached XP level 2. HP: 27/27 MP: 1/1
   352 | D:1      | Reached ** piety under Trog
   554 | D:1      | Reached XP level 3. HP: 32/33 MP: 2/2
  1461 | D:2      | Found a hide-covered altar of Uskayaw.
  1461 | D:2      | Noticed a +0 hand axe
  1461 | D:2      | Noticed a +0 dagger
  1527 | D:2      | Killed from afar by an orc priest

Illustrated notes

Levels and vault maps discovered:
D:1:      saegor_arrival_simple_d, layout_basic, minmay_pentomino_z4
D:2:      layout_basic, dancing_weapons_uskayaw, chequers_big_river

Skill      XL: |  1  2 |
---------------+-------+-----
Axes           | 4 |  4.9
Fighting       | 4 |  4.3
Armour         | |  2.6
Dodging        | |  2.6

Action                   || total
-------------------------++-------
Melee: Hand axe          ||    83
       Headbutt          ||    10
  Eat: Chunk             ||     2
Armor: Animal skin       ||    13
Dodge: Dodged            ||    47
Block: Buckler           ||     3
